AoeStats
← sky_wu

African Clearing

510467245Analyzed
3v3 RM · 13h ago on Oct 1, 2026· 45m 40s· 6 players
Game mode
Random Map
Map size
Normal (6 player)
Population
200
Speed
Normal
Resources
Standard
Victory
Conquest
Starting age
Dark Age
Ending age
Imperial Age
RankedLock teamsTeams togetherTeam positionsShared explorationLock speedFull tech treeHidden civsTurbo modeCheats
Victory
Defeat
🇺🇸 Byzantines · United States
1116
+16
🇺🇸 Britons · United States
1029
+19
🇺🇸 Franks · United States
1010
+21
🇨🇱 Mapuche · Chile
1119
-19
🇨🇱 Britons · Chile
1119
-19
🇹🇼 Saxons · Taiwan
1084
-18
sky_wu
9:47 Loom
13:00 Feudal Age
14:38 Double-Bit Axe
19:56 Castle Age
19:23 Man-at-Arms
29:46 Gambesons
30:02 Squires
29:48 Arson
29:23 Pikeman
diego02041989
15:14 Feudal Age
16:04 Double-Bit Axe
18:06 Horse Collar
21:44 Castle Age
21:48 Fletching
21:58 Padded Archer Armor
22:33 Gold Mining
22:27 Crossbowman
27:00 Elite Skirmisher
30:14 Heavy Plow
31:46 Ballistics
32:07 Gold Shaft Mining
31:38 Pikeman
32:21 Squires
32:09 Gambesons
33:16 Bodkin Arrow
35:23 Wheelbarrow
35:53 Bow Saw
35:44 Stone Mining
37:18 Hand Cart
42:30 Imperial Age
41:17 Murder Holes
41:34 Masonry
42:49 Forging
42:39 Scale Mail Armor
42:55 Leather Archer Armor
42:42 Arbalester
43:44 Bracer
Paquesito
5:43 Loom
15:24 Feudal Age
15:44 Champi Runner
16:28 Double-Bit Axe
21:53 Castle Age
20:10 Horse Collar
23:00 Wheelbarrow
22:29 Pikeman
31:38 Imperial Age
31:42 Forging
37:35 Gold Mining
37:55 Bow Saw
39:19 Conscription
39:43 Hand Cart
39:14 Town Watch
41:24 Iron Casting
40:50 Scale Mail Armor
41:09 Halberdier
barbarossa
5:51 Loom
11:24 Loom
13:20 Feudal Age
18:08 Castle Age
18:56 Double-Bit Axe
23:23 Bow Saw
24:44 Wheelbarrow
24:49 Stone Mining
26:40 Stone Shaft Mining
30:20 Horse Collar
31:05 Scale Barding Armor
37:03 Imperial Age
35:46 Hand Cart
37:01 Chain Barding Armor
37:06 Husbandry
38:06 Logistica
39:31 Plate Barding Armor
39:02 Elite Cataphract
40:06 Conscription
39:56 Capped Ram
40:47 Forging
41:18 Heavy Plow
42:19 Two-Man Saw
41:14 Gold Mining
42:30 Gold Shaft Mining
42:48 Siege Ram
45:31 Iron Casting
El Sacko
6:54 Loom
16:17 Feudal Age
20:15 Castle Age
21:04 Husbandry
21:36 Gold Mining
21:32 Double-Bit Axe
22:05 Scale Barding Armor
27:12 Bow Saw
27:39 Gold Shaft Mining
31:15 Forging
31:28 Chain Barding Armor
31:56 Forging
33:12 Stone Mining
35:12 Iron Casting
38:33 Wheelbarrow
37:53 Town Watch
40:12 Hand Cart
39:59 Town Patrol
40:40 Ordonnance Companies
41:29 Scale Mail Armor
44:40 Imperial Age
nasinator
6:23 Loom
10:58 Loom
14:37 Feudal Age
19:12 Castle Age
17:35 Double-Bit Axe
17:59 Padded Archer Armor
19:03 Gold Mining
21:54 Crossbowman
24:02 Fletching
29:22 Bodkin Arrow
36:50 Imperial Age
35:22 Leather Archer Armor
35:38 Ballistics
37:21 Wheelbarrow
37:13 Capped Ram
38:03 Bracer
39:19 Ring Archer Armor
39:28 Caravan
41:08 Bow Saw
42:00 Arbalester
43:47 Chemistry
Connection lost

Rejoining the realm…

Still unreachable

The connection could not be restored.

Session expired

The server has moved on; the page needs a fresh start.